 Dungeon Crawl Stone Soup version 0.17-a0-1637-g5d65775 (webtiles) character file.

1982 urechis the Skirmisher (level 9, -2/55 HPs)
             Began as a Gargoyle Wizard on Aug 7, 2015.
             Was a Follower of Vehumet.
             Killed by divine providence
             ... invoked by an orc priest
              (12 damage)
             ... on level 6 of the Dungeon.
             The game lasted 00:26:36 (6911 turns).

urechis the Skirmisher (Gargoyle Wizard)            Turns: 6911, Time: 00:26:36

Health: -2/55      AC: 17    Str: 11    XL:     9   Next: 20%
Magic:  0/17       EV: 11    Int: 22    God:    Vehumet [*.....]
Gold:   417        SH:  0    Dex:  8    Spells: 5 memorised, 6 levels left

rFire  . . .     SeeInvis .     n - +0 spear
rCold  + . .     Clarity  .     t - +2 robe {rC+}
rNeg   + . .     SustAt   .     (no shield)
rPois  ∞         Gourm    .     l - +0 helmet
rElec  +         Spirit   .     e - +2 cloak
rCorr  .         Warding  .     (no gloves)
rMut   .         Stasis   .     (no boots)
MR     .....                    (no amulet)
Stlth  +++.......               A - ring of stealth
                                E - +3 ring of protection

@: not resistant to hostile enchantments, fairly stealthy
A: negative energy resistance 1, electricity resistance, unbreathing,
petrification resistance, rot immunity, AC +5
a: Renounce Religion


You were on level 6 of the Dungeon.
You worshipped Vehumet.
Vehumet was aware of your devotion.
You were not hungry.

You visited 2 branches of the dungeon, and saw 8 of its levels.

You collected 417 gold pieces.

Inventory:

Hand weapons
 n - a +0 spear (weapon)
 M - a +0 quarterstaff
Armour
 e - a +2 cloak (worn)
 l - a +0 helmet (worn)
 t - a +2 robe of cold resistance (worn)
 I - a +0 buckler
Jewellery
 y - an uncursed ring of flight
 A - a ring of stealth (right hand)
 E - a +3 ring of protection (left hand)
Magical devices
 o - a wand of polymorph (16)
Scrolls
 b - 3 scrolls of fear {unknown}
 i - 3 scrolls of blinking {unknown}
 j - 4 scrolls of remove curse {unknown}
 k - 5 scrolls of amnesia {unknown}
 m - 4 scrolls of identify {unknown}
 p - 2 scrolls of fog {unknown}
 w - a scroll of enchant weapon {unknown}
 D - 3 scrolls of immolation {unknown}
 F - 3 scrolls of noise {unknown}
 G - a scroll of recharging {unknown}
 H - a scroll of teleportation {unknown}
 K - a scroll of enchant armour {unknown}
 N - 2 scrolls of silence {unknown}
Potions
 a - a potion of resistance {unknown}
 h - a potion of agility {unknown}
 q - 6 potions of curing {unknown}
 r - a potion of lignification {unknown}
 s - 2 potions of heal wounds {unknown}
 u - a potion of poison {unknown}
 x - a potion of cure mutation {unknown}
 z - a potion of cancellation {unknown}
 C - a potion of ambrosia {unknown}
 J - a potion of brilliance {unknown}
Books
 c - a book of Minor Magic

   Spells                             Type                      Level
   a - Magic Dart                     Conjuration                  1
   b - Blink                          Translocation                2
   c - Call Imp                       Summoning                    2
   d - Repel Missiles                 Charms/Air                   2
   e - Slow                           Hexes                        2
   f - Conjure Flame                  Conjuration/Fire             3
   g - Mephitic Cloud                 Conjuration/Poison/Air       3
 v - a book of Fire

   Spells                             Type                      Level
   a - Ignite Poison                  Fire/Transmutation/Poison    3
   b - Fireball                       Conjuration/Fire             5
   c - Bolt of Fire                   Conjuration/Fire             6
   d - Delayed Fireball               Conjuration/Fire             7
   e - Ring of Flames                 Charms/Fire                  7
 L - a book of Battle

   Spells                             Type                      Level
   a - Infusion                       Charms                       1
   b - Shroud of Golubria             Charms/Translocation         2
   c - Song of Slaying                Charms                       2
   d - Spectral Weapon                Hexes/Charms                 3
   e - Regeneration                   Charms/Necromancy            3
Comestibles
 d - 3 bread rations
 f - a slice of pizza
 g - 2 beef jerkies
 B - 3 meat rations


   Skills:
 - Level 6.0 Fighting
 - Level 1.5 Staves
 - Level 6.0 Armour
 - Level 1.5 Dodging
 - Level 2.1 Stealth
 + Level 1.9 Shields
 - Level 5.6 Spellcasting
 - Level 5.6 Conjurations
   Level 0.8 Summonings
 - Level 0.8 Translocations
 - Level 2.2 Fire Magic
 - Level 1.0 Air Magic
 - Level 1.1 Evocations


You had 6 spell levels left.
You knew the following spells:

 Your Spells              Type           Power        Failure   Level  Hunger
a - Magic Dart            Conj           ####         1%          1    None
b - Mephitic Cloud        Conj/Pois/Air  ###.....     12%         3    ##.....
c - Blink                 Tloc           N/A          12%         2    None
d - Repel Missiles        Chrm/Air       #.....       14%         2    None
e - Fireball              Conj/Fire      ###.......   63%         5    #####..


Dungeon Overview and Level Annotations

Branches:
Dungeon (7/15)             Temple (1/1) D:5

Altars:
Cheibriados
Dithmenos
Elyvilon
Gozag
Kikubaaqudgha
Okawaru
Qazlal
Ru
Sif Muna
Trog
Vehumet
Xom
Yredelemnul
Zin


Innate Abilities, Weirdness & Mutations

You are resistant to torment.
Your stone body is resilient (AC +5).
You are immune to poison.
You resist negative energy.
You are resistant to electric shocks.
You can survive without breathing.
You are immune to petrification.
You are immune to rotting.


Message History

The orc priest calls down the wrath of Beogh upon you.
Pain shoots through your body!
Use which ability? (? or * to list)
You can't do that.
Casting: Magic Dart
Confirm with . or Enter, or press ? or * to list all spells.
You don't have enough magic to cast that spell.
The orc priest calls down the wrath of Beogh upon you.
Something smites you! The orc closely misses you.
The scorpion barely misses you. The orc hits you but does no damage.
The scorpion closely misses you. The orc hits you but does no damage.
Casting: Magic Dart
Confirm with . or Enter, or press ? or * to list all spells.
You blink.
The orc priest invokes the aid of Beogh against you.
Something smites you!
* * * LOW HITPOINT WARNING * * *
The orc priest mumbles some strange prayers to Beogh against you.
Something smites you!
You die...

#.........# #....#.#
#.........#####....#.#
#.........#...######'#
#.........#......'...#
#.........'......#...#
#.........#...######.#
#.....s...#...######.#
#.........#§...#..+..#
#.........#.o.s@..#..#
#.........#...##..##.#
#.........#o..##..##.#
#.........#)..#......#
#.........'...+......#
#.........############
###########


You could see a scorpion, an orc priest and an orc.

Vanquished Creatures
  Grinder (D:4)
  Sigmund (D:2)
  An orc warrior (D:6)
  2 ice beasts
  An ogre (D:6)
  2 giant frogs
  A scorpion (D:5)
  A water moccasin skeleton (D:5)
  5 wights (D:6)
  2 crimson imps (D:5)
  A giant frog zombie (D:6)
  3 hounds
  2 orc wizards
  A centaur skeleton (D:7)
  2 giant frog skeletons
  2 orc priests
  5 worker ants
  Natasha (twice) (D:2)
  2 iguanas
  A worker ant zombie (D:6)
  A gnoll (D:1)
  11 adders
  A shadow imp (D:6)
  2 worms
  An adder skeleton (D:6)
  4 giant geckos
  18 orcs
  2 ball pythons (D:2)
  A bat zombie (D:5)
  4 giant cockroaches
  2 hobgoblins
  4 jackals
  13 bats
  5 giant newts
  13 goblins
  12 kobolds
  4 quokkas
  A quokka skeleton (D:5)
  12 rats
  A rat zombie (D:5)
150 creatures vanquished.

Notes
Turn   | Place    | Note
--------------------------------------------------------------
     0 | D:1      | urechis the Gargoyle Wizard began the quest for the Orb.
     0 | D:1      | Reached XP level 1. HP: 10/10 MP: 4/4
   144 | D:1      | Reached XP level 2. HP: 13/15 MP: 3/6
   347 | D:1      | Reached XP level 3. HP: 10/19 MP: 2/7
  1021 | D:1      | Learned a level 3 spell: Mephitic Cloud
  1024 | D:1      | Learned a level 2 spell: Blink
  1266 | D:2      | Noticed Sigmund
  1286 | D:2      | Killed Sigmund
  1286 | D:2      | Reached skill level 4 in Spellcasting
  1286 | D:2      | Reached XP level 4. HP: 5/24 MP: 7/10
  1286 | D:2      | Reached XP level 5. HP: 5/28 MP: 8/12
  1581 | D:2      | Reached XP level 6. HP: 28/32 MP: 11/13
  1840 | D:2      | Noticed Natasha
  1844 | D:2      | Killed Natasha
  1979 | D:2      | Noticed Natasha
  1980 | D:2      | Killed Natasha
  2126 | D:3      | Reached skill level 5 in Spellcasting
  2427 | D:3      | Reached skill level 5 in Conjurations
  2600 | D:4      | Learned a level 2 spell: Repel Missiles
  2606 | D:4      | Learned a level 5 spell: Fireball
  2648 | D:4      | Noticed Grinder
  2649 | D:4      | Paralysed by Grinder for 7 turns
  2668 | D:4      | Killed Grinder
  2668 | D:4      | Reached XP level 7. HP: 35/40 MP: 1/14
  3502 | D:5      | Entered Level 5 of the Dungeon
  3606 | D:5      | Found a staircase to the Ecumenical Temple.
  3620 | Temple   | Entered the Ecumenical Temple
  3671 | Temple   | Became a worshipper of Vehumet
  3930 | D:5      | Reached XP level 8. HP: 46/48 MP: 11/15
  3932 | D:5      | Found a sacrificial altar of Ru.
  4466 | D:5      | Found an ancient bone altar of Kikubaaqudgha.
  4745 | D:6      | Found a white marble altar of Elyvilon.
  4784 | D:6      | Reached skill level 5 in Fighting
  4784 | D:6      | Reached skill level 5 in Armour
  5184 | D:6      | Acquired Vehumet's first power
  5184 | D:6      | Offered knowledge of Flame Tongue by Vehumet.
  6105 | D:7      | Reached skill level 6 in Fighting
  6105 | D:7      | Reached skill level 1 in Shields
  6148 | D:7      | Noticed a two-headed ogre
  6320 | D:6      | Reached skill level 1 in Fire Magic
  6402 | D:6      | Reached skill level 1 in Staves
  6402 | D:6      | Reached XP level 9. HP: 37/55 MP: 0/17
  6477 | D:5      | Reached skill level 1 in Evocations
  6540 | D:5      | You fall through a shaft for 2 floors!
  6613 | D:7      | Reached skill level 1 in Air Magic
  6911 | D:6      | Killed from afar by an orc priest

Vault maps used:
D:1:      dpeg_arrival_arbitrary_a, st_stairs_11
D:2:      minivault_11, uniq_natasha, uniq_sigmund
D:3:      first_bread
D:4:      uniq_grinder
D:5:      lemuel_zombie_altar_kikubaaqudgha, minmay_temple_entry_junction,
          nicolae_ru_sacrificial_ziggurat
D:6:      elyvilon_altar_5
D:7:      kennysheep_little_box
Temple:   zaba_magenta_temple_12

Action                   |  1- 3 |  4- 6 |  7- 9 || total
-------------------------+-------+-------+-------++-------
Melee: Unarmed           |    17 |     1 |       ||    18
       Dagger            |    20 |       |       ||    20
       Spear             |     6 |    43 |    50 ||    99
 Cast: Magic Dart        |    74 |    89 |   303 ||   466
       Mephitic Cloud    |       |     3 |     1 ||     4
       Blink             |       |       |     2 ||     2
 Stab: Sleeping          |     1 |     1 |       ||     2
       Confused          |       |     1 |       ||     1
  Eat: Chunk             |     1 |     4 |    12 ||    17
       Pizza             |       |       |     1 ||     1
